 Dungeon Crawl Stone Soup version 0.32-a0-306-gfed3edf829 (webtiles) character file.

Game seed: 9920849061603373273

6800 Dittersdorf the Blocker (level 11, 0/72 HPs)
             Began as a Gargoyle Fighter on Feb 14, 2024.
             Was an Initiate of Gozag.
             Slain by an orc knight
             ... wielding a +0 war axe
              (20 damage)
             ... in a bailey.
             The game lasted 00:10:59 (7998 turns).

Dittersdorf the Blocker (Gargoyle Fighter)          Turns: 7998, Time: 00:11:00

Health: 0/72       AC: 34    Str: 28    XL:     11   Next: 5%
Magic:  11/11      EV:  8    Int:  9    God:    Gozag
Gold:   1196       SH: 18    Dex: 14    Spells: 10/10 levels left

rFire   + . .        p - +5 whip "Goblinbane" {protect, rPois Str+4}
rCold   . . .        y - +2 tower shield {reflect}
rNeg    + . .        A - +8 scale mail "Gowahayr" {rElec rF+ Dex+5}
rPois   ∞            (no helmet)
rElec   +            (no cloak)
rCorr   .            r - +1 pair of gloves
SInv    .            (no boots)
Will    .....        (no amulet) Stlth
                     (no ring)
HPRegen 0.32/turn    (no ring)
MPRegen 0.12/turn

%: reflection
@: mighty, under a protective aura, studying Shields
A: sickness immunity, AC +8, negative energy resistance 1, electricity
resistance, torment resistance 1, petrification resistance
a: Renounce Religion, Potion Petition, Call Merchant, Bribe Branch


You were in a bailey.
You worshipped Gozag.
Gozag was most pleased with you.
You visited 2 branches of the dungeon, and saw 10 of its levels.
You also visited: Bailey.

You collected 1695 gold pieces.
You spent 457 gold pieces at shops.
You paid 42 gold pieces to Gozag.

Inventory:

Hand Weapons
 a - a +1 flail
 p - the +5 whip "Goblinbane" (weapon) {protect, rPois Str+4}
   (You found it on level 2 of the Dungeon)

   Str+4:     It affects your strength (+4).
   rPois:     It protects you from poison
Missiles
 u - a throwing net (quivered)
Armour
 r - a +1 pair of gloves (worn)
 y - a +2 tower shield of reflection (worn)
 A - the +8 scale mail "Gowahayr" (worn) {rElec rF+ Dex+5}
   (You bought it in a shop on level 4 of the Dungeon)

   Dex+5:     It affects your dexterity (+5).
   rF+:       It protects you from fire.
   rElec:     It insulates you from electricity.
Jewellery
 o - a ring of fire
Wands
 x - a wand of mindburst (13)
Scrolls
 f - 5 scrolls of teleportation
 i - 2 scrolls of blinking
 n - 2 scrolls of enchant weapon
Potions
 b - a potion of mutation {unknown}
 c - 2 potions of attraction {unknown}
 d - 3 potions of might
 g - 3 potions of berserk rage {unknown}
 j - 3 potions of heal wounds {unknown}
 k - 3 potions of ambrosia {unknown}
 q - a potion of magic {unknown}
 s - 2 potions of enlightenment


   Skills:
 + Level 9.7 Fighting
 + Level 8.5 Maces & Flails
 + Level 9.7 Armour
 + Level 9.8 Shields


You had 10 spell levels left.
You didn't know any spells.
Your spell library contained the following spells:

 Spells                   Type           Power      Damage    Failure   Level
 Kiss of Death            Conj/Necr      0%         2d5       94%         1
 Necrotise                Necr           0%         1d4       94%         1
 Call Canine Familiar     Summ           0%         N/A       100%        3
 Confusing Touch          Hex            0%         N/A       100%        3
 Sigil of Binding         Hex            0%         N/A       100%        3
 Vampiric Draining        Necr           0%         2d6       100%        3
 Volatile Blastmotes      Fire/Tloc      0%         2d10      100%        3
 Dimensional Bullseye     Hex/Tloc       0%         N/A       100%        4
 Dispel Undead            Necr           0%         3d6       100%        4
 Fulminant Prism          Conj/Alch      0%         3d5       100%        4
 Iskenderun's Mystic Bla  Conj/Tloc      0%         2d3       100%        4
 Martyr's Knell           Necr/Summ      0%         N/A       100%        4
 Curse of Agony           Necr           0%         N/A       100%        5


Dungeon Overview and Level Annotations

Branches:
Dungeon (9/15)             Temple (1/1) D:4          Bailey (1/1)
   Lair: D:8-11         Orc: D:9-12

Altars:
Cheibriados
Dithmenos
Elyvilon
Fedhas
Gozag
Hepliaklqana
Kikubaaqudgha
Makhleb
Nemelex Xobeh
Qazlal
Sif Muna
Trog
Uskayaw
Xom
Yredelemnul
Zin
The Shining One

Shops:
D:4 *   D:5 [   D:8 ?


Innate Abilities, Weirdness & Mutations

You are immune to sickness and miasma.
Your stone body is resilient. (AC +8)
You are immune to poison.
You resist negative energy. (rN+)
You are resistant to electric shocks. (rElec)
You are resistant to unholy torment.
You are immune to petrification.


Message History

You are too injured to fight recklessly!
You are too injured to fight recklessly!
You are too injured to fight recklessly!
You are too injured to fight recklessly!
You are too injured to fight recklessly!
You are too injured to fight recklessly!
You are too injured to fight recklessly!
You are too injured to fight recklessly!
You are too injured to fight recklessly!
You are too injured to fight recklessly!
You are too injured to fight recklessly!
You are too injured to fight recklessly!
You feel better.
The orc is distracted by your dazzling golden aura.
The hobgoblin hits you but does no damage.
You block the orc warlord's attack.
The gnoll hits you with a +4 quarterstaff of holy wrath.
* * * LOW HITPOINT WARNING * * *
You block the orc knight's attack.
The orc shouts!
You feel better.
The hobgoblin is distracted by your dazzling golden aura.
You block the orc warlord's attack. You block the gnoll's attack.
You block the orc knight's attack.
You feel very mighty all of a sudden.
The orc warlord hits you with a +5 broad axe!
* * * LOW HITPOINT WARNING * * *
You block the gnoll's attack. You block the orc knight's attack.
The orc warrior is distracted by your dazzling golden aura.
The orc warrior shouts!
You feel better.
The orc is no longer distracted by gold.
The hobgoblin is no longer distracted by gold.
The orc hits you but does no damage. You block the hobgoblin's attack.
The orc warlord roars a battlecry!
The orcs go into a battle-frenzy!
You block the gnoll's attack.
The orc knight hits you with a +0 war axe!!
You die...
Your body crumbles into a pile of gold.

#######.....⌠.....#######
##.....##.........##.....##
#.......'.........))......#
##.......##.......##)......##
#.........#.......#.........#
##.........##ßß.ßß##.........#
#.....)))...###'###.....⌠.....
##....).)..###o..###.........#
#....)....#.@oo...#.........#
##.......##gog....##.......##
#.......#..gg.....#.......#
##.....##.........##.....##
##'####...........####'##
##..)..##.........##.....##
#.......#.........#.).....#
##...)...##.......##.)))...##
#....)....# #.........#


You could see an orc warlord (strong), an orc knight (strong), an orc warrior
(strong), 2 gnolls, an orc (strong) and 2 hobgoblins.

Vanquished Creatures
  An orc knight (Bailey)
  A manticore (D:9)
  A gargoyle (D:7)
  A kobold demonologist (D:9)
  A wraith (D:9)
  A shadow (D:9)
  3 steam dragons
  Menkaure (D:7)
  9 orc warriors
  4 ice beasts
  3 sky beasts
  3 ogres
  3 centaurs
  3 kobold brigands
  A bullfrog (D:8)
  2 scorpions
  5 wights (D:8)
  13 killer bees
  7 howler monkeys
  2 bombardier beetles (D:5)
  2 hounds
  A gnoll bouda (D:7)
  4 orc priests
  2 jellies (D:6)
  3 iguanas
  A sleepcap (D:4)
  6 orc wizards
  9 gnolls
  5 adders
  2 ufetubi (D:5)
  2 dart slugs
  2 ribbon worms
  40 orcs
  A ball python (D:2)
  3 endoplasms
  2 giant cockroaches
  9 goblins
  11 hobgoblins
  4 jackals (D:4)
  3 quokkas
  7 bats
  2 frilled lizards
  35 kobolds
  4 rats
225 creatures vanquished.

Vanquished Creatures (collateral kills)
  An orc warrior (Bailey)
  A goblin (Bailey)
2 creatures vanquished.

Vanquished Creatures (others)
  A quokka (D:8)
  2 kobolds (D:6)
3 creatures vanquished.

Grand Total: 230 creatures vanquished

Notes
Turn   | Place    | Note
-------+----------+-------------------------------------------
     0 | D:1      | Dittersdorf the Gargoyle Fighter began the quest for the
                  | Orb.
     0 | D:1      | Reached XP level 1. HP: 14/14 MP: 1/1
   119 | D:1      | Reached XP level 2. HP: 16/19 MP: 2/2
   663 | D:2      | Reached XP level 3. HP: 23/23 MP: 3/3
   848 | D:2      | Identified the +5 whip "Goblinbane" {protect, rPois Str+4}
  1002 | D:2      | Reached XP level 4. HP: 29/29 MP: 4/4
  1354 | D:3      | Found a shimmering blue altar of Sif Muna.
  1354 | D:3      | Found an ancient bone altar of Kikubaaqudgha.
  1409 | D:3      | Reached XP level 5. HP: 31/33 MP: 5/5
  1801 | D:4      | Reached XP level 6. HP: 39/39 MP: 6/6
  2046 | D:4      | Found a staircase to the Ecumenical Temple.
  2087 | Temple   | Entered the Ecumenical Temple
  2110 | Temple   | Became a worshipper of Gozag Ym Sagoz the Greedy
  2274 | D:4      | Reached skill level 5 in Armour
  2367 | D:4      | Found Eryad's Assorted Antiques.
  2447 | D:4      | Reached skill level 5 in Fighting
  2447 | D:4      | Reached skill level 5 in Shields
  2447 | D:4      | Reached XP level 7. HP: 44/44 MP: 7/7
  2559 | D:5      | Entered Level 5 of the Dungeon
  2769 | D:5      | Found Ximuices's Antique Armour Shoppe.
  2869 | D:5      | Bought a shiny tower shield for 165 gold pieces
  3483 | D:6      | Reached XP level 8. HP: 44/51 MP: 8/8
  3684 | D:6      | Reached skill level 5 in Maces & Flails
  3827 | D:6      | Found a glowing silver altar of Zin.
  3852 | D:6      | Found a snail-covered altar of Cheibriados.
  4425 | D:4      | Bought a slimy scale mail for 180 gold pieces
  4425 | D:4      | Identified the +8 scale mail "Gowahayr" {rElec rF+ Dex+5}
                  | (You bought it in a shop on level 4 of the Dungeon)
  4610 | D:7      | Reached XP level 9. HP: 36/57 MP: 9/9
  5117 | D:7      | Identified the +6 dagger "Erphoage" {elec, rElec rPois}
  5119 | D:7      | Noticed Menkaure
  5131 | D:7      | Killed Menkaure
  5610 | D:7      | Noticed a gargoyle
  5629 | D:7      | Killed a gargoyle
  5652 | D:7      | Found a faded altar of an unknown god.
  5654 | D:7      | Found a hazy altar of Hepliaklqana.
  5834 | D:8      | Found a bloodstained altar of Trog.
  6040 | D:8      | Found Myewupih's Magic Scroll Emporium.
  6048 | D:8      | Bought a scroll of enchant weapon for 112 gold pieces
  6218 | D:8      | Reached XP level 10. HP: 55/64 MP: 10/10
  6359 | D:8      | Found a white marble altar of Elyvilon.
  6407 | D:8      | Identified the +8 rapier "Lebruov" {heavy, rC+ rN+}
  6855 | D:9      | Noticed a manticore
  6872 | D:9      | Killed a manticore
  7185 | D:9      | Noticed a kobold demonologist
  7198 | D:9      | Killed a kobold demonologist
  7461 | D:9      | Found a flagged portal.
  7497 | Bailey   | Entered a bailey
  7667 | Bailey   | Noticed an orc knight
  7686 | Bailey   | Killed an orc knight
  7855 | Bailey   | Identified a scroll of acquirement
  7855 | Bailey   | Acquired a manual of Shields
  7875 | Bailey   | Reached XP level 11. HP: 71/71 MP: 11/11
  7972 | Bailey   | Noticed an orc knight
  7972 | Bailey   | Noticed an orc warlord
  7986 | Bailey   | Identified the +7 chain mail of Makhleb's Indignation
                  | {Rampage Will+ Str+2}
  7998 | Bailey   | Slain by an orc knight

Illustrated notes

Levels and vault maps discovered:
D:1:      minmay_arrival_stair_chambers, layout_loops_ring
D:2:      layout_rooms
D:3:      layout_basic, gammafunk_temple_overflow_statue, dk_vineyard_1,
          chequers_serial_rivers_small_a
D:4:      layout_basic, minmay_temple_entry_glass, serial_shops, shop
D:5:      layout_basic, minmay_shop_grid_forest
D:6:      kennysheep_kobold_camp, layout_rooms, kennysheep_slug_shrine,
          zin_academy
D:7:      layout_loops_corners, beargit_hepliaklqana_dungeon_heroes,
          uniq_menkaure
D:8:      layout_gridville, elyvilon_altar_4, mainiacjoe_overflow_chevrons,
          serial_shops, shop, hangedman_decor_growths
D:9:      kennysheep_spiral_hall, layout_loops_corners,
          okawaru_ov_weapons_minmay, mainiacjoe_overflow_alcove_2,
          nicolae_overflow_crystal_walls, enter_bailey_2,
          minmay_misc_feat_plants
Temple:   compressed_dpeg_circular_temple
Bailey:   bailey_axe_minmay_hex_keep, bailey

Skill      XL: |  1  2  3  4  5  6  7  8  9 10 |
---------------+-------------------------------+-----
Armour         | 4 5 7 8 9 |  9.7
Fighting       | 4 5 7 8 9 |  9.7
Shields        | 4 5 7 8 9 |  9.8
Maces & Flails | 3 4 5 7 8 |  8.5

Action                     |  1- 3 |  4- 6 |  7- 9 | 10-12 || total
---------------------------+-------+-------+-------+-------++-------
  Melee: Flail             |    58 |       |       |       ||    58
         Whip              |    10 |   113 |   475 |   397 ||   995
    Use: Scroll            |     1 |       |    14 |     4 ||    19
         Potion            |       |       |     1 |     4 ||     5
 Armour: Scale mail        |    34 |    80 |   264 |   188 ||   566
         Chain mail        |       |       |    13 |       ||    13
  Dodge: Dodged            |    41 |    65 |    95 |    73 ||   274
  Block: Buckler           |    20 |    21 |    23 |       ||    64
         Tower shield      |       |       |   337 |   431 ||   768
         Reflection        |       |       |     6 |     3 ||     9

Table legend: (Time is in decaauts)
 A = Elapsed time spent in this place.
 B = Non-inter-level travel time spent in this place.
 C = Inter-level travel time spent in this place.
 D = Time resting spent in this place.
 E = Time spent auto-exploring this place.
 F = Levels seen in this place.
 G = Mean time per level.
                   A        B        C        D        E       F      G
               +--------+--------+--------+--------+--------+-----+--------+
         Total |   7981 |   7362 |    619 |    257 |   4972 |  11 |  725.5 |
       Dungeon |   7456 |   6881 |    575 |    150 |   4833 |   9 |  828.4 |
        Temple |     46 |      2 |     44 |      0 |      0 |   1 |   46.0 |
        Bailey |    478 |    478 |      0 |    107 |    139 |   1 |  478.0 |
               +--------+--------+--------+--------+--------+-----+--------+

Top non-repeatable levels by time:
     D:7: 1256 daAuts
     D:8: 1058 daAuts
     D:6: 1029 daAuts
     D:5: 901 daAuts
     D:4: 760 daAuts
     D:3: 672 daAuts
     D:9: 635 daAuts
     D:1: 618 daAuts
     D:2: 524 daAuts
  Bailey: 478 daAuts
  Temple: 46 daAuts
